AoeStats
← 珍珠嘉都

Migration

508376844Analyzed
1v1 RM · 10d ago on Sep 22, 2026· 38m 7s· 2 players
Game mode
Random Map
Map size
132×132
Population
200
Speed
Normal
Resources
Standard
Victory
Conquest
Starting age
Dark Age
Ending age
Imperial Age
RankedLock teamsTeams togetherTeam positionsShared explorationLock speedFull tech treeHidden civsTurbo modeCheats
Victory
Defeat
🇭🇰 Vikings · Hong Kong SAR China
445
+20
🇹🇼 Byzantines · Taiwan
545
-20
K George
6:23 Loom
9:36 Feudal Age
10:22 Feudal Age
11:14 Feudal Age
12:23 Double-Bit Axe
18:20 Castle Age
16:39 Horse Collar
17:13 Town Watch
17:26 Stone Mining
17:28 Gold Mining
22:09 Bow Saw
22:36 Gold Shaft Mining
24:32 Town Patrol
25:17 Squires
25:06 Gambesons
25:06 Arson
24:42 Man-at-Arms
25:43 Forging
25:33 Scale Mail Armor
31:21 Imperial Age
29:54 Iron Casting
29:34 Chain Mail Armor
33:09 Chemistry
31:54 Treadmill Crane
32:26 Masonry
32:14 Murder Holes
33:52 Chieftains
33:58 Chieftains
33:44 Man-at-Arms
35:30 Conscription
35:08 Elite Berserk
35:18 Long Swordsman
36:37 Two-Handed Swordsman
珍珠嘉都
0:28 Loom
12:08 Feudal Age
13:23 Double-Bit Axe
17:59 Fishing Lines
23:20 Castle Age
23:01 Gold Mining
25:08 Horse Collar
25:43 Gillnets
26:10 Medium Warships
25:55 Fletching
26:19 Bow Saw
27:10 Heavy Plow
28:29 Gold Shaft Mining
27:45 Stone Mining
30:44 Stone Shaft Mining
33:24 Imperial Age
31:58 Bodkin Arrow
32:03 Padded Archer Armor
32:16 Forging
32:06 Scale Mail Armor
32:42 Ballistics
32:52 Murder Holes
35:03 Logistica
36:03 Crop Rotation
36:35 Two-Man Saw
36:12 Wheelbarrow
36:16 Iron Casting
35:56 Chain Mail Armor
35:42 Bracer
35:49 Scale Barding Armor
38:20 Chemistry
38:42 Hand Cart
Connection lost

Rejoining the realm…

Still unreachable

The connection could not be restored.

Session expired

The server has moved on; the page needs a fresh start.